 Dungeon Crawl Stone Soup version 0.30.0-29-ga12c61a403 (webtiles) character file.

Game seed: 14227034789806330979

39 hitthewallwitha the Chopper (level 3, 0/33 HPs)
             Began as a Minotaur Berserker on June 19, 2023.
             Was a Believer of Trog.
             Succumbed to Crazy Yiuf's poison
             ... on level 2 of the Dungeon.
             The game lasted 00:03:20 (856 turns).

hitthewallwitha the Chopper (Minotaur Berserker)     Turns: 856, Time: 00:03:20

Health: 0/33       AC: 11    Str: 23    XL:     3   Next: 26%
Magic:  2/2        EV:  7    Int:  4    God:    Trog [**....]
Gold:   18         SH:  0    Dex:  9    Spells: 2/2 levels left

rFire   . . .        a - +0 hand axe
rCold   . . .        (no shield)
rNeg    . . .        f - +0 plate armour
rPois   .            (helmet restricted)
rElec   .            (no cloak)
rCorr   .            (no gloves)
SInv    .            (no boots)
Will    .....        (no amulet) Stlth
                     (no ring)
HPRegen 0.25/turn    (no ring)
MPRegen 0.08/turn

%: no passive effects
@: lethally poisoned (0 -> -5), hasted, very quick
A: horns 2, retaliatory headbutt
a: Renounce Religion, Berserk, Trog's Hand


You were on level 2 of the Dungeon.
You worshipped Trog.
Trog was pleased with you.
You visited 1 branch of the dungeon, and saw 2 of its levels.

You collected 18 gold pieces.

Inventory:

Hand Weapons
 a - a +0 hand axe (weapon)
Missiles
 d - 4 poisoned darts
 h - 11 stones
Armour
 b - a +0 animal skin
 f - a +0 plate armour (worn)
Scrolls
 e - 2 scrolls of teleportation {unknown}
 i - a scroll of identify {unknown}
 j - a scroll of poison {unknown}
Potions
 c - a potion of brilliance {unknown}
 g - a potion of haste
 k - a potion of heal wounds {unknown}
 l - a potion of resistance {unknown}
 m - a potion of cancellation {unknown}


   Skills:
 + Level 4.3 Fighting
 + Level 4.4 Axes
 + Level 2.6 Armour
 + Level 2.5 Dodging


You had 2 spell levels left.
You didn't know any spells.
Your spell library contained the following spells:

 Spells                   Type           Power      Damage    Failure   Level
 Beastly Appendage        Tmut           0%         N/A       100%        1
 Kiss of Death            Conj/Necr      0%         2d5       100%        1
 Lesser Beckoning         Tloc           0%         N/A       100%        2
 Wereblood                Tmut           0%         N/A       100%        2
 Confusing Touch          Hex            0%         N/A       100%        3
 Gell's Gravitas          Tloc           0%         N/A       100%        3
 Spider Form              Tmut/Pois      0%         N/A       100%        3
 Teleport Other           Tloc           0%         N/A       100%        3
 Dispel Undead            Necr           0%         3d6       100%        4


Dungeon Overview and Level Annotations

Branches:
Dungeon (2/15)

Altars:

Annotations:
D:2 Crazy Yiuf


Innate Abilities, Weirdness & Mutations

You have a pair of horns on your head.
You reflexively headbutt those who attack you in melee.


Message History

The ball python grabs you. The ball python constricts you.
The ball python bites you but does no damage.
The ball python constricts you.
You barely miss the ball python. The ball python bites you.
The ball python constricts you.
You hit the ball python.
You kill the ball python!
Trog accepts your kill.
Found a hammer.
Found a runed translucent door.
Crazy Yiuf shouts!
Crazy Yiuf says, "Shower water ragdoll!"
You open the door. You hit Crazy Yiuf but do no damage.
Crazy Yiuf hits you with a +4 quarterstaff of chaos.
Crazy Yiuf freezes you.
Crazy Yiuf hits you with a +4 quarterstaff of chaos.
Crazy Yiuf freezes you.
You closely miss Crazy Yiuf.
You headbutt Crazy Yiuf, but do no damage.
Crazy Yiuf hits you with a +4 quarterstaff of chaos.
Crazy Yiuf freezes you.
You hit Crazy Yiuf.
Crazy Yiuf is moderately wounded.
Crazy Yiuf hits you with a +4 quarterstaff of chaos.
You are poisoned.
You hit Crazy Yiuf but do no damage.
Crazy Yiuf is moderately wounded.
* * * LOW HITPOINT WARNING * * *
You feel very sick.
Crazy Yiuf hits you with a +4 quarterstaff of chaos.
* * * LOW HITPOINT WARNING * * *
Crazy Yiuf burns you.
* * * LOW HITPOINT WARNING * * *
It was a potion of haste.
You feel yourself speed up.
* * * LOW HITPOINT WARNING * * *
You feel sick. Crazy Yiuf barely misses you. You furiously retaliate!
You headbutt Crazy Yiuf!
* * * LOW HITPOINT WARNING * * *
You feel sick.
You die...

.
#.....###.##.##
##........#...#
#.
#########....#
.. #....# ..
♣....♣ ..
♣...♣♣ #. ♣♣.♣♣
♣.♣♣ ♣♣@♣ ♣.♣♣
♣♣.♣ #g# ...
#...# #..)#
#####


You could see Crazy Yiuf.

Vanquished Creatures
  An adder (D:2)
  A worm (D:2)
  An endoplasm (D:2)
  A giant cockroach (D:1)
  A goblin (D:2)
  3 hobgoblins (D:1)
  2 jackals (D:2)
  2 quokkas (D:1)
  3 ball pythons (D:2)
  2 bats (D:1)
  4 frilled lizards
  2 kobolds (D:2)
  2 rats
25 creatures vanquished.

Notes
Turn   | Place    | Note
-------+----------+-------------------------------------------
     0 | D:1      | hitthewallwitha the Minotaur Berserker began the quest for
                  | the Orb.
     0 | D:1      | Reached XP level 1. HP: 19/19 MP: 0/0
   276 | D:1      | Reached XP level 2. HP: 25/27 MP: 1/1
   446 | D:2      | Reached XP level 3. HP: 24/33 MP: 2/2
   810 | D:2      | Reached ** piety under Trog
   845 | D:2      | Found a runed translucent door.
   846 | D:2      | Noticed Crazy Yiuf
   855 | D:2      | HP: 1/33 [poisoned by Crazy Yiuf]
   856 | D:2      | Succumbed to Crazy Yiuf's poison

Illustrated notes

Levels and vault maps discovered:
D:1:      tarquinn_simple_flora_water_b, layout_loops_ring
D:2:      layout_basic, serial_undead, serial_undead_e, serial_undead_a,
          serial_undead_a, serial_undead_c, serial_undead_d,
          uniq_crazy_yiuf_cottage

Skill      XL: |  1  2 |
---------------+-------+-----
Fighting       | 4 |  4.3
Axes           | 4 |  4.4
Armour         | |  2.6
Dodging        | |  2.5

Action                     || total
---------------------------++-------
  Melee: Hand axe          ||    57
         Headbutt          ||     6
    Use: Potion            ||     1
 Armour: Plate armour      ||    32
         Animal skin       ||     2
  Dodge: Dodged            ||    18
